 Dungeon Crawl Stone Soup version 0.27.0-1-g7a089689b8 (webtiles) character file.

Game seed: 1810941513764602646

70 sasquatch the Firebug (level 4, -7/24 HPs)
             Began as a Deep Elf Fire Elementalist on Aug 7, 2021.
             Killed by an exploding endoplasm (28 damage)
             ... ignited by their inner flame
             ... on level 4 of the Dungeon.
             The game lasted 00:04:11 (1614 turns).

sasquatch the Firebug (Deep Elf Fire Elementalist)  Turns: 1614, Time: 00:04:12

Health: -7/24      AC:  3    Str:  5    XL:     4   Next: 3%
Magic:  9/11       EV: 12    Int: 21    God:
Gold:   28         SH:  0    Dex: 15    Spells: 3/10 levels left

rFire    . . .     SeeInvis .   (no weapon)
rCold    . . .     Faith    .   (no shield)
rNeg     . . .     Spirit   .   a - +1 robe
rPois    .         Reflect  .   (no helmet)
rElec    .         Harm     .   (no cloak)
rCorr    .         Rampage  .   (no gloves)
Will     .....                  (no boots)
Stlth    ++........             (no amulet)
HPRegen  0.08/turn              (no ring)
MPRegen  0.12/turn              (no ring)

@: no status effects
A: no striking features
a: no special abilities


You were on level 4 of the Dungeon.
You visited 1 branch of the dungeon, and saw 3 of its levels.

You collected 28 gold pieces.

Inventory:

Armour
 a - a +1 robe (worn)
Jewellery
 f - a ring of resist corrosion
Potions
 c - a potion of degeneration {unknown}
 d - a potion of resistance {unknown}
 g - a potion of heal wounds {unknown}


   Skills:
 - Level 2.4 Dodging
 - Level 2.4 Stealth
 + Level 3.7 Spellcasting
 * Level 2.8 Conjurations
 * Level 4.2 Fire Magic


You had 3 spell levels left.
You knew the following spells:

 Your Spells              Type           Power      Damage    Failure   Level
a - Foxfire               Conj/Fire      72%        2x1d7     3%          1
b - Conjure Flame         Conj/Fire      18%        6-21      9%          3
c - Inner Flame           Hex/Fire       12%        N/A       16%         3

Your spell library contained the following spells:

 Spells                   Type           Power      Damage    Failure   Level
 Sticky Flame             Conj/Fire      18%        2d4       28%         4
 Fireball                 Conj/Fire      9%         3d6       63%         5


Dungeon Overview and Level Annotations

Branches:
Dungeon (2/15)

Altars:

Shops:
D:2 [([


Message History

The adder hisses angrily.
The foxfire hits the adder.
The adder is heavily wounded.
Casting: Foxfire (safe; 3% risk of failure)
Press: ? - help, Q - select action Dir - look around, f - activate You conjure some foxfire!
Your foxfire dissipates!
The foxfire hits the adder.
You kill the adder!
You have reached level 4!
You feel clever.
You see here an adder corpse.
You fall into a shaft and drop 2 floors!
The shaft crumbles and collapses.
An endoplasm comes into view.
The endoplasm quivers.
An ogre and a skeleton come into view.
An endoplasm comes into view.
The endoplasm freezes you.
You are frozen.
The ogre shouts!
The endoplasm hits you but does no damage.
The endoplasm freezes you.
You are frozen.
As you read the scroll labelled SUNLEB RUDI, it crumbles to dust.
The creatures around you are filled with an inner flame!
It was a scroll of immolation.
The endoplasm misses you.
As you read the scroll labelled YPSEOFR MIUSHU, it crumbles to dust.
It is a scroll of enchant armour.
Your +0 robe glows green for a moment.
The endoplasm hits you but does no damage.
Casting: Foxfire (safe; 3% risk of failure)
Press: ? - help, Q - select action Dir - look around, f - activate You conjure some foxfire!
The endoplasm barely misses you.
The foxfire hits the endoplasm!
The endoplasm explodes!
The fiery explosion engulfs the ogre!!
The fiery explosion engulfs you!!
Ouch! That really hurt!
You die...

### #..###
#..v## .#
#§§@## ..##
##§§.## ...#
##Z..###...##.
##.........J.
##..........
##.........
#.........
##...####
####....#


You could see a hound skeleton (inner flame).

Vanquished Creatures
  An ogre (D:4)
  Robin (D:2)
  An adder (D:2)
  A dart slug (D:1)
  A bat (D:2)
  2 endoplasms
  2 giant cockroaches (D:1)
  10 goblins
  5 hobgoblins
  10 jackals (D:1)
  3 ball pythons (D:1)
  2 frilled lizards (D:1)
  4 rats (D:1)
43 creatures vanquished.

Vanquished Creatures (others)
  A ball python (D:1)
  A bat (D:1)
  A kobold (D:1)
  122 foxfires
125 creatures vanquished.

Grand Total: 168 creatures vanquished

Notes
Turn   | Place    | Note
-------+----------+-------------------------------------------
     0 | D:1      | sasquatch the Deep Elf Fire Elementalist began the quest
                  | for the Orb.
     0 | D:1      | Reached XP level 1. HP: 10/10 MP: 6/6
   169 | D:1      | Reached XP level 2. HP: 10/15 MP: 2/8
   735 | D:1      | Reached XP level 3. HP: 19/19 MP: 6/9
   739 | D:1      | Learned a level 3 spell: Conjure Flame
   743 | D:1      | Learned a level 3 spell: Inner Flame
  1295 | D:2      | Reached skill level 4 in Fire Magic
  1328 | D:2      | Noticed Robin
  1338 | D:2      | Killed Robin
  1532 | D:2      | Found Zuogioloz's Armour Emporium.
  1573 | D:2      | Found Budulorr's Antique Weapon Emporium.
  1592 | D:2      | Found Oceuts's Armour Shop.
  1598 | D:2      | Reached XP level 4. HP: 24/24 MP: 8/11
  1600 | D:2      | You fall into a shaft and drop 2 floors!
  1601 | D:4      | Noticed an ogre
  1614 | D:4      | Killed an ogre
  1614 | D:4      | Killed by an exploding endoplasm... ignited by their inner
                  | flame

Illustrated notes

Levels and vault maps discovered:
D:1:      sevenhm_arrival_forest_fort_large_1, layout_basic, solitary_fountain,
          lemuel_old_faithful
D:2:      layout_basic, serial_shops, shop, nicolae_diamond_shop,
          nicolae_diamond_shop, uniq_robin
D:4:      layout_layer_cave, serial_shops, nicolae_shop_overgrown_old_shop

Skill      XL: |  1  2  3 |
---------------+----------+-----
Conjurations   | 2 |  2.8
Fire Magic     | 4 |  4.2
Dodging        | |  2.4
Stealth        | |  2.4
Spellcasting   | |  3.7

Action                   |  1- 3 |  4- 6 || total
-------------------------+-------+-------++-------
 Cast: Foxfire           |    77 |     1 ||    78
  Use: Scroll            |       |     2 ||     2
Armor: Robe              |     3 |     2 ||     5
Dodge: Dodged            |    13 |     2 ||    15
